 Dungeon Crawl Stone Soup version 0.29.1-1-gd02db6906a (webtiles) character file.

Game seed: 9994276443098561261

23292 Godmorgon the Thaumaturge (level 13, -6/82 HPs)
             Began as a Tengu Conjurer on Oct 9, 2022.
             Was an Elder of Vehumet.
             Mangled by Rupert
             ... wielding a +0 vorpal triple sword
              (30 damage)
             ... on level 2 of the Lair of Beasts on Oct 12, 2022.
             The game lasted 01:58:33 (22773 turns).

Godmorgon the Thaumaturge (Tengu Conjurer)         Turns: 22773, Time: 01:58:34

Health: -6/82      AC:  9    Str:  8    XL:     13   Next: 5%
Magic:  1/29       EV: 31    Int: 23    God:    Vehumet [****..]
Gold:   421        SH:  5    Dex: 13    Spells: 12/35 levels left

rFire   + . .      SeeInvis .   a - +3 dagger (elec)
rCold   . . .      Faith    .   c - +0 buckler
rNeg    . . .      Spirit   .   F - +0 steam dragon scales
rPois   .          Reflect  .   (helmet restricted)
rElec   .          Harm     .   J - +0 cloak
rCorr   .          Rampage  .   j - +1 pair of gloves
Will    +....                   (boots unavailable)
Stlth   ++........              L - amulet of the acrobat
HPRegen 0.23/turn               k - ring of protection from fire
MPRegen 0.21/turn               G - ring of willpower

@: acrobatic, flying quickly and evasively, quick
A: beak, talons 3, nimble flight
a: Renounce Religion


You were on level 2 of the Lair of Beasts.
You worshipped Vehumet.
Vehumet was greatly pleased with you.
You visited 3 branches of the dungeon, and saw 15 of its levels.
You also visited: Bailey.

You collected 772 gold pieces.
You spent 351 gold pieces at shops.

Inventory:

Hand Weapons
 a - a +3 dagger of electrocution (weapon)
 A - the +8 flail "Bekam" {vorpal, rC++}
   (You found it on level 2 of the Lair of Beasts)

   It inflicts extra damage upon your enemies.
   rC:        It greatly protects you from cold.
 D - a +2 dagger of holy wrath
Missiles
 l - 26 boomerangs
 r - 4 silver boomerangs
 u - 32 poisoned darts (quivered)
 M - a curare-tipped dart
Armour
 c - a +0 buckler (worn)
 j - a +1 pair of gloves (worn)
 F - +0 steam dragon scales (worn)
 J - a +0 cloak (worn)
Jewellery
 k - a ring of protection from fire (left hand)
 G - a ring of willpower (right hand)
 K - a ring of see invisible
 L - an amulet of the acrobat (around neck)
 O - a ring of protection from fire
 S - a ring of positive energy
Wands
 B - a wand of roots (15)
 E - a wand of polymorph (29)
 I - a wand of flame (27)
Scrolls
 b - a scroll of poison {unknown}
 o - 2 scrolls of vulnerability
 q - a scroll of immolation
 t - 4 scrolls of fear
 w - 5 scrolls of teleportation
 y - 3 scrolls of torment
 z - 2 scrolls of butterflies
 H - a scroll of summoning {unknown}
 N - 2 scrolls of silence
 T - a scroll of magic mapping
Potions
 d - a potion of haste
 e - 3 potions of attraction
 f - 4 potions of invisibility
 g - 2 potions of brilliance
 h - 2 potions of curing
 i - 4 potions of might
 m - 4 potions of lignification
 n - a potion of resistance
 p - a potion of flight {unknown}
 s - 3 potions of heal wounds
 v - a potion of magic
 x - 3 potions of berserk rage
 C - a potion of cancellation {unknown}
Miscellaneous
 U - a box of beasts


   Skills:
 * Level 9.8 Fighting
 - Level 5.0 Armour
 - Level 5.0 Dodging
 - Level 2.0 Stealth
 * Level 3.5 Shields
 + Level 11.5 Spellcasting
 + Level 10.5 Conjurations
 * Level 5.9 Fire Magic
 + Level 10.4 Air Magic
 - Level 5.0 Poison Magic


You had 12 spell levels left.
You knew the following spells:

 Your Spells              Type           Power      Damage    Failure   Level
a - Airstrike             Air            28%        2d(5-21)  1%          4
d - Magic Dart            Conj           100%       1d8       1%          1
f - Fireball              Conj/Fire      25%        3d11      1%          5
i - Ignite Poison         Fire/Tmut/Pois 30%        N/A       1%          3
l - Lightning Bolt        Conj/Air       28%        1d45      1%          5
m - Mephitic Cloud        Conj/Pois/Air  52%        N/A       1%          3
s - Searing Ray           Conj           100%       2d8       1%          2

Your spell library contained the following spells:

 Spells                   Type           Power      Damage    Failure   Level
 Dazzling Flash           Conj/Hex       74%        N/A       1%          3
 Fulminant Prism          Conj/Hex       18%        3d11      2%          4
 Hailstorm                Conj/Ice       37%        3d9       2%          4
 Iskenderun's Mystic Bla  Conj/Tloc      37%        2d9       2%          4
 Slow                     Hex            52%        N/A       6%          1
 Summon Lightning Spire   Summ/Air       37%        N/A       8%          4
 Confusing Touch          Hex            13%        N/A       19%         3
 Vampiric Draining        Necr           13%        2d6       19%         3
 Lee's Rapid Deconstruct  Erth           6%         3d7*      41%         5
 Ice Form                 Ice/Tmut       13%        N/A       54%         4
 Simulacrum               Ice/Necr       6%         N/A       100%        6


Dungeon Overview and Level Annotations

Branches:
Dungeon (11/15)            Temple (1/1) D:4            Lair (3/5) D:10
 Shoals (0/4) Lair:2       Bailey (visited)
  Snake: Lair:2-3    Spider: Lair:2-3       Orc: D:9-12

Altars:
Ashenzari
Cheibriados
Dithmenos
Elyvilon
Fedhas
Gozag
Hepliaklqana
Kikubaaqudgha
Makhleb
Nemelex Xobeh
Okawaru
Qazlal
Ru
Sif Muna
Trog
Uskayaw
Vehumet
Wu Jian
Xom
Yredelemnul
Zin
The Shining One

Shops:
D:6 (   D:9 *?

Annotations:
D:8 3 runed translucent doors, bronco's ghost, novice DrWr; xian's ghost, novice VSFi
D:10 2 transporters, Icepheonix32's ghost, novice MfSu
D:11 Fannar; Josephine
Lair:2 Rupert


Innate Abilities, Weirdness & Mutations

You have a beak for a mouth.
You have claws for feet.
Your magical nature lets you fly swiftly and evasively.


Message History

The fireball explodes!
The fireball engulfs Rupert!
Rupert is almost dead.
Rupert roars madly and goes into a rage!
Rupert goes berserk!
Aiming: Fastroot
Press: ? - help, Shift-Dir - straight line, f/p - Rupert
Aim: Rupert, wielding a +0 vorpal triple sword and wearing a +0 chain mail (almost dead, berserk)
The roots erupt in riotous growth!
Roots grab Rupert.
The grasping roots constrict Rupert!
Rupert struggles to escape constriction.
Casting: Fireball (dangerous; 1% risk of failure)
Confirm with . or Enter, or press ? or * to list all spells.
Aiming: Magic Dart (safe; 1% risk of failure)
Press: ? - help, Shift-Dir - straight line, f/p - Rupert
Aim: Rupert, wielding a +0 vorpal triple sword and wearing a +0 chain mail (almost dead, berserk, constricted by roots, 100% to hit)
The magic dart hits Rupert.
Rupert is almost dead.
The grasping roots constrict Rupert.
The roots release their grip on Rupert.
Rupert barely misses you.
Casting: Magic Dart (safe; 1% risk of failure)
Confirm with . or Enter, or press ? or * to list all spells.
Okay, then.
You completely miss Rupert.
Rupert is almost dead.
Rupert hits you with a +0 vorpal triple sword.
You barely miss Rupert. You claw Rupert. You peck Rupert, but do no damage.
Rupert is almost dead.
Rupert completely misses you.
Rupert hits you with a +0 vorpal triple sword!!!
Ouch! That really hurt!
* * * LOW HITPOINT WARNING * * *
Rupert attacks as you move away! You block Rupert's attack.
Rupert completely misses you. Rupert attacks as you move away!
Rupert barely misses you. Rupert attacks as you move away!
Rupert closely misses you.
Okay, then.
Rupert attacks as you move away!
Rupert hits you with a +0 vorpal triple sword!!
You die...

## ### .# #### ####.# ### ### #
.####.P#####.#..######.####.#####
.................................
...#.#+#.#.......................
..#.......#......................
....##[...#......................
....#.....P.....@@............P..
.......#.......................#.
..#.................>.....#......
..+.......#...##..........#....#.
..#.#..#..#......................
..#.#........#.....#...........#.
.....#.............P.............
..#.......................#......
..#....###................#.....♣


You could see Rupert (berserk).

Vanquished Creatures
  A hydra (Lair:1)
  A catoblepas (Lair:2)
  A two-headed ogre (D:11)
  A cyclops (D:9)
  5 black mambas
  Maurice (D:8)
  2 merfolk sirens (Lair:2)
  Maggie (Lair:2)
  5 cane toads
  2 gargoyles
  A kobold demonologist (D:9)
  An unseen horror (D:11)
  2 unseen horror zombies (D:9)
  4 komodo dragons
  2 polar bears (Lair:2)
  A hornet (D:9)
  2 shadows
  2 wraiths (D:11)
  3 wyverns
  3 vampires
  A basilisk (Lair:2)
  32 yaks
  3 steam dragons
  9 water moccasins
  2 acid dragons
  An ice beast (D:5)
  6 black bears
  2 orc warriors
  4 wolves
  An ogre (D:5)
  7 centaurs
  A phantom (D:4)
  A kobold brigand (D:9)
  7 bullfrogs
  3 scorpions
  3 gnoll sergeants
  10 wights
  3 necrophages
  17 killer bees
  4 howler monkeys (D:10)
  7 vampire bats (Bailey)
  3 electric eels
  9 wolf zombies (Bailey)
  8 centaur zombies (D:9)
  3 hounds
  A jelly (D:5)
  3 orc priests
  2 iguanas
  A howler monkey zombie (D:9)
  7 adders
  18 gnolls
  A white imp (D:5)
  A worm (D:3)
  6 dart slugs
  20 orcs
  4 bats
  4 endoplasms
  6 giant cockroaches
  21 goblins
  12 hobgoblins
  2 jackals (D:1)
  A quokka (D:1)
  7 ball pythons
  A frilled lizard (D:2)
  19 kobolds
  23 orc zombies (Bailey)
  9 rats
357 creatures vanquished.

Vanquished Creatures (others)
  4 fungi
  18 plants
  7 withered plants
29 creatures vanquished.

Grand Total: 386 creatures vanquished

Notes
Turn   | Place    | Note
-------+----------+-------------------------------------------
     0 | D:1      | Godmorgon the Tengu Conjurer began the quest for the Orb.
     0 | D:1      | Reached XP level 1. HP: 10/10 MP: 4/4
   160 | D:1      | Reached XP level 2. HP: 15/15 MP: 3/6
   299 | D:1      | Learned a level 2 spell: Searing Ray
   436 | D:1      | Found a faded altar of an unknown god.
   685 | D:1      | Reached XP level 3. HP: 19/19 MP: 4/8
   824 | D:1      | Reached skill level 3 in Spellcasting
  1477 | D:2      | Found a sacrificial altar of Ru.
  1824 | D:2      | Reached XP level 4. HP: 22/24 MP: 6/10
  2839 | D:3      | Found an ornate altar of the Wu Jian Council.
  3344 | D:4      | Noticed a scorpion
  3349 | D:4      | Killed a scorpion
  3350 | D:4      | Reached skill level 4 in Spellcasting
  3350 | D:4      | Gained mutation: Your magical nature lets you fly swiftly
                  | and evasively. [Tengu growth]
  3350 | D:4      | Reached XP level 5. HP: 28/28 MP: 4/12
  3409 | D:4      | Found an iron altar of Okawaru.
  3566 | D:4      | Found a staircase to the Ecumenical Temple.
  3572 | Temple   | Entered the Ecumenical Temple
  3835 | Temple   | Became a worshipper of Vehumet
  4063 | D:4      | Noticed a phantom
  4069 | D:4      | Killed a phantom
  4070 | D:4      | Reached XP level 6. HP: 32/32 MP: 5/14
  4196 | D:4      | Reached skill level 5 in Spellcasting
  4497 | D:5      | Entered Level 5 of the Dungeon
  4719 | D:5      | Noticed a black bear
  4817 | D:5      | Reached XP level 7. HP: 35/36 MP: 12/16
  4991 | D:5      | Found a white marble altar of Elyvilon.
  5039 | D:5      | Reached skill level 6 in Spellcasting
  5531 | D:5      | Reached XP level 8. HP: 41/41 MP: 10/19
  5668 | D:5      | Reached skill level 7 in Spellcasting
  6235 | D:5      | Found an opulent altar of Gozag.
  6235 | D:5      | Found a shimmering blue altar of Sif Muna.
  6383 | D:6      | Reached * piety under Vehumet
  6383 | D:6      | Offered knowledge of Sandblast by Vehumet.
  6905 | D:6      | Reached skill level 1 in Fighting
  7239 | D:6      | Identified the +1 leather armour of Efaanwoj {-Tele rElec
                  | rN+++ rCorr}
  7297 | D:6      | Found Weimetuuna's Antique Weapon Boutique.
  7318 | D:6      | Reached skill level 1 in Armour
  8052 | D:7      | Reached skill level 8 in Spellcasting
  8052 | D:7      | Reached XP level 9. HP: 24/49 MP: 10/22
  8296 | D:7      | Found a stormy altar of Qazlal.
  8393 | D:7      | Reached ** piety under Vehumet
  8393 | D:7      | Offered knowledge of Shock by Vehumet.
  8856 | D:7      | Found a sacrificial altar of Ru.
  8857 | D:7      | Found a bloodstained altar of Trog.
  8886 | D:7      | Reached skill level 1 in Air Magic
  9838 | D:8      | Found a runed translucent gate.
  9985 | D:8      | Found a runed translucent gate.
  9986 | D:8      | Found a runed translucent gate.
  9987 | D:8      | Noticed xian's ghost (novice VSFi)
  9988 | D:8      | Noticed bronco's ghost (novice DrWr)
 10022 | D:8      | You are sucked into a shaft and drop 3 floors!
 10026 | D:10     | Entered Level 10 of the Dungeon
 10066 | D:9      | Reached skill level 10 in Conjurations
 10069 | D:9      | Reached XP level 10. HP: 45/58 MP: 11/23
 10076 | D:9      | Reached skill level 5 in Air Magic
 10077 | D:9      | Offered knowledge of Mephitic Cloud by Vehumet.
 10078 | D:9      | Reached skill level 5 in Fighting
 10078 | D:9      | Reached skill level 9 in Spellcasting
 10082 | D:9      | Learned a level 3 spell: Mephitic Cloud
 10337 | D:10     | Found a transporter.
 10340 | D:10     | Noticed Icepheonix32's ghost (novice MfSu)
 10346 | D:10     | Found a transporter.
 10346 | D:10     | Noticed a gargoyle
 10454 | D:10     | Found a flagged portal.
 10635 | Bailey   | Entered a bailey
 10805 | Bailey   | Reached *** piety under Vehumet
 11149 | Bailey   | Offered knowledge of Airstrike by Vehumet.
 11155 | Bailey   | Learned a level 4 spell: Airstrike
 11734 | Bailey   | Noticed a gargoyle
 11768 | Bailey   | Killed a gargoyle
 11769 | Bailey   | Reached skill level 5 in Dodging
 11769 | Bailey   | Reached skill level 1 in Poison Magic
 12193 | D:8      | Noticed Maurice
 12201 | D:8      | Killed Maurice
 12609 | D:8      | Reached **** piety under Vehumet
 12841 | D:9      | Found Ferhag's Gadget Gallery.
 13072 | D:9      | Found a basalt altar of Yredelemnul.
 13109 | D:9      | Offered knowledge of Ignite Poison by Vehumet.
 13117 | D:9      | Learned a level 3 spell: Ignite Poison
 13131 | D:9      | Reached XP level 11. HP: 65/65 MP: 5/25
 13287 | D:9      | Reached skill level 5 in Armour
 13460 | D:9      | Found Teajesyede's Magic Scroll Shoppe.
 13474 | D:9      | Bought a scroll of butterflies for 44 gold pieces
 13474 | D:9      | Bought a scroll of noise for 11 gold pieces
 13474 | D:9      | Bought a scroll of brand weapon for 104 gold pieces
 13474 | D:9      | Bought a scroll of blinking for 82 gold pieces
 13474 | D:9      | Bought a scroll of identify for 22 gold pieces
 13474 | D:9      | Bought a scroll of identify for 22 gold pieces
 13474 | D:9      | Bought a scroll of identify for 22 gold pieces
 13474 | D:9      | Bought a scroll of identify for 22 gold pieces
 13474 | D:9      | Bought a scroll of identify for 22 gold pieces
 13763 | D:9      | Reached skill level 10 in Spellcasting
 13938 | D:9      | Noticed a cyclops
 13948 | D:9      | Killed a cyclops
 14087 | D:9      | Reached skill level 1 in Fire Magic
 15094 | D:10     | Identified the +0 pair of boots "Pevaof" {Fly Will+}
 15356 | D:10     | Found a blossoming altar of Fedhas.
 15402 | D:10     | Found a staircase to the Lair.
 15861 | D:11     | Noticed a two-headed ogre
 15964 | D:11     | Killed a two-headed ogre
 16697 | D:11     | Noticed Josephine
 16932 | D:11     | Reached ***** piety under Vehumet
 16961 | D:11     | Noticed a two-headed ogre
 16962 | D:11     | Noticed Fannar
 17152 | Lair:1   | Entered Level 1 of the Lair of Beasts
 17351 | D:10     | Offered knowledge of Fireball by Vehumet.
 17358 | D:10     | Learned a level 5 spell: Fireball
 17637 | D:10     | HP: 3/68 [komodo dragon (19)]
 18166 | Lair:1   | Reached XP level 12. HP: 70/73 MP: 16/27
 18308 | Lair:1   | Reached skill level 10 in Air Magic
 18773 | Lair:1   | Reached skill level 11 in Spellcasting
 18913 | Lair:1   | Noticed a seven-headed hydra
 19985 | Lair:1   | Killed a seven-headed hydra
 20254 | Lair:2   | Reached skill level 5 in Poison Magic
 20426 | Lair:2   | Reached skill level 1 in Shields
 20648 | Lair:2   | Identified the +8 flail "Bekam" {vorpal, rC++}
 20700 | Lair:2   | Noticed a catoblepas
 20709 | Lair:2   | Killed a catoblepas
 20802 | Lair:2   | Noticed Maggie
 20811 | Lair:2   | Killed Maggie
 21029 | Lair:2   | Reached skill level 5 in Fire Magic
 21494 | Lair:2   | Learned a level 5 spell: Lightning Bolt
 21931 | Lair:2   | Found a staircase to the Shoals.
 22036 | Lair:3   | Reached XP level 13. HP: 81/81 MP: 18/29
 22344 | Lair:3   | Noticed Rupert
 22773 | Lair:2   | Mangled by Rupert

Illustrated notes

Levels and vault maps discovered:
D:1:      scummos_arrival_checkerplants, layout_basic,
          chequers_ecumenical_altar_simple_redux, serial_bayou_pond_d,
          minmay_heptomino_o4
D:2:      layout_basic, basic_altar
D:3:      layout_rooms, lemuel_crystal_altar, grunt_ministairs_9,
          hangedman_decor_growths
D:4:      layout_loops_ring, okawaru_ov_weapons_minmay, minmay_temple_entry_hall
D:5:      layout_layer_cave, gammafunk_temple_overflow_statue,
          mainiacjoe_overflow_concentric_impassable
D:6:      corexii_shantytown, layout_basic, serial_shops, shop_fountains
D:7:      layout_basic, nicolae_qazlal_eye_of_the_storm,
          nicolae_overflow_two_pavilions
D:8:      layout_loops_corners, gammafunk_ghost_cemetery,
          kennysheep_generic_room_6, uniq_maurice
D:9:      layout_loops_ring, lemuel_crystal_altar, serial_shops,
          nicolae_stop_n_shop_1, serial_undead, serial_undead_a,
          serial_undead_e, serial_undead_b, serial_undead_a, serial_undead_b,
          serial_undead_f, kennysheep_decorative_pillar, nicolae_shop_gadgets
D:10:     layout_irregular_city, mainiacjoe_overflow_tiny_flanked,
          enter_bailey_2, gammafunk_ghost_stat_death
D:11:     layout_cave_pools, uniq_josephine, uniq_fannar
Temple:   hc_temple_tempest_star
Lair:1:   layout_regular_city, beast_lair_carwin_9, grunt_megastairs_4
Lair:2:   layout_chaotic_city, elwin_shoals_entry_rooms,
          gammafunk_lair_bear_cave, uniq_maggie
Lair:3:   beast_lair_carwin_large_1, layout_concentric_octagons,
          minmay_snake_entry_six_corridors, uniq_rupert

Skill      XL: |  1  2  3  4  5  6  7  8  9 10 11 12 |
---------------+-------------------------------------+-----
Spellcasting   | 3 4 5 6 8 9 10 11 | 11.5
Conjurations   | 6 7 8 9 10 | 10.5
Fighting       | 2 4 6 8 9 |  9.8
Armour         | 1 3 4 5 |  5.0
Dodging        | 3 4 5 |  5.0
Air Magic      | 4 7 9 10 | 10.4
Poison Magic   | 2 4 5 |  5.0
Fire Magic     | 3 5 |  5.9
Shields        | 3 |  3.5
Stealth        | |  2.0

Action                   |  1- 3 |  4- 6 |  7- 9 | 10-12 | 13-15 || total
-------------------------+-------+-------+-------+-------+-------++-------
Melee: Whip              |       |     3 |     3 |       |       ||     6
       Kick              |       |     1 |    14 |    13 |     1 ||    29
       Dagger            |       |       |    45 |    42 |     2 ||    89
       Peck              |       |       |     9 |    14 |     1 ||    24
       Punch             |       |       |       |     2 |       ||     2
Throw: Dart              |       |     2 |    16 |     3 |       ||    21
 Cast: Magic Dart        |    31 |    23 |    42 |    39 |     1 ||   136
       Searing Ray       |    25 |    27 |    54 |   104 |     5 ||   215
       Airstrike         |       |       |       |   193 |     4 ||   197
       Mephitic Cloud    |       |       |       |    10 |       ||    10
       Ignite Poison     |       |       |       |     7 |       ||     7
       Fireball          |       |       |       |    12 |     5 ||    17
       Lightning Bolt    |       |       |       |     3 |       ||     3
Evoke: Wand              |       |       |       |       |     1 ||     1
  Use: Scroll            |       |       |    10 |    13 |     1 ||    24
       Potion            |       |       |     1 |     6 |       ||     7
 Stab: Sleeping          |       |     1 |     2 |       |       ||     3
       Confused          |       |       |       |     1 |       ||     1
Armor: Robe              |     2 |     2 |    12 |       |       ||    16
       Steam dragon scal |       |       |     7 |    80 |     1 ||    88
Dodge: Dodged            |     7 |     4 |    79 |   208 |    32 ||   330
Block: Buckler           |       |       |       |       |     8 ||     8
